 Dungeon Crawl Stone Soup version 0.21-a0-352-g5b8f553 (webtiles) character file.

66 nikopol the Skirmisher (level 4, -5/40 HPs)
             Began as a Hill Orc Fighter on Oct 10, 2017.
             Slain by a gnoll
             ... wielding a cursed -1 whip
              (7 damage)
             ... on level 2 of the Dungeon.
             The game lasted 00:02:15 (1182 turns).

nikopol the Skirmisher (Hill Orc Fighter)           Turns: 1182, Time: 00:02:16

Health: -5/40      AC:  8    Str: 19    XL:     4   Next: 15%
Magic:  4/4        EV:  7    Int:  8    God:
Gold:   58         SH:  9    Dex: 10    Spells: 3/3 levels left

rFire    . . .     SeeInvis .   a - +0 war axe
rCold    . . .     Gourm    .   c - +0 shield
rNeg     . . .     Faith    .   b - +0 scale mail
rPois    .         Spirit   .   (no helmet)
rElec    .         Reflect  .   k - +0 cloak
rCorr    .         Harm     .   (no gloves)
MR       .....                  (no boots)
Stlth    ..........             (no amulet)
HPRegen  0.13/turn              (no ring)
MPRegen  0.09/turn              (no ring)

@: no status effects
A: no striking features
a: no special abilities


You were on level 2 of the Dungeon.
You were very hungry.

You visited 1 branch of the dungeon, and saw 2 of its levels.

You collected 58 gold pieces.

Inventory:

Hand Weapons
 a - a +0 war axe (weapon)
Armour
 b - a +0 scale mail (worn)
 c - a +0 shield (worn)
 k - a +0 cloak (worn)
Scrolls
 g - a scroll of recharging {unknown}
 h - a scroll of enchant armour {unknown}
 j - 2 scrolls of remove curse {unknown}
 l - a scroll of identify {unknown}
Potions
 d - a potion of might
 e - a potion of lignification {unknown}
 i - a potion of haste {unknown}
Comestibles
 f - 3 bread rations


   Skills:
 + Level 4.1 Fighting
 + Level 4.1 Axes
 + Level 3.9 Armour
 + Level 0.2 Dodging
 + Level 3.6 Shields


You had 3 spell levels left.
You didn't know any spells.

Dungeon Overview and Level Annotations

Branches:
Dungeon (2/15)

Altars:


Message History

The gnoll hits you. You block the gnoll's attack.
You slash the gnoll!
You kill the gnoll!
Your Axes skill increases to level 4!
You closely miss the gnoll. x2; The gnoll hits you.
* * * LOW HITPOINT WARNING * * *
The gnoll hits you but does no damage. The gnoll closely misses you.
You hit the gnoll but do no damage.
Your shield and scale mail prevent you from hitting the gnoll.
The gnoll hits you with a whip!
* * * LOW HITPOINT WARNING * * *
The gnoll hits you.
* * * LOW HITPOINT WARNING * * *
The gnoll hits you but does no damage.
You barely miss the gnoll. You hit the gnoll. The gnoll closely misses you.
The gnoll barely misses you.
Your scale mail prevents you from hitting the gnoll.
The gnoll is moderately wounded.
You hit the gnoll. The gnoll barely misses you. The gnoll hits you with a whip!
You die...

.# #..........##.......)..# .#
#..........##..........# .#
#..........##..........# .#
#.....†.#####..........#
.###.......#####..........######
.'.........'..÷.......>...'....#
.###.......#####..........####.#
.# ###+##### #..........# #.# .#
#@g........# #.# .# #)g........#
#.# ## #..........# #.#
#..........# #.# #.[........#
#.# ##'######### #.# #.# #.# #.#
#.# #.# #.#


You could see 2 gnolls.

Vanquished Creatures
  An adder (D:2)
  A gnoll (D:2)
  A dart slug (D:1)
  A leopard gecko (D:2)
  2 ball pythons (D:1)
  7 bats
  2 giant cockroaches
  7 goblins
  7 hobgoblins
  2 jackals (D:1)
  A quokka (D:2)
  2 frilled lizards
  4 kobolds (D:1)
  4 rats
42 creatures vanquished.

Notes
Turn   | Place    | Note
-------+----------+-------------------------------------------
     0 | D:1      | nikopol the Hill Orc Fighter began the quest for the Orb.
     0 | D:1      | Reached XP level 1. HP: 19/19 MP: 1/1
    35 | D:1      | Reached XP level 2. HP: 26/27 MP: 2/2
   441 | D:1      | Reached XP level 3. HP: 33/33 MP: 3/3
  1165 | D:2      | Reached XP level 4. HP: 19/40 MP: 4/4
  1180 | D:2      | HP: 1/40 [gnoll (4)]
  1182 | D:2      | Slain by a gnoll

Vault maps used:
D:1:      noname_arrival_rooms_in_the_neighbourhood
D:2:      first_bread, chequers_ecumenical_altar_twisty, minmay_pentomino_r4

Skill      XL: |  1  2  3  4 |
---------------+-------------+-----
Axes           | 3 4 |  4.1
Fighting       | 4 |  4.1
Armour         | |  3.9
Dodging        | |  0.2
Shields        | |  3.6

Action                   |  1- 3 |  4- 6 || total
-------------------------+-------+-------++-------
Melee: War axe           |    96 |     5 ||   101
Armor: Scale mail        |    46 |     4 ||    50
Dodge: Dodged            |    31 |     6 ||    37
Block: Shield            |    65 |     2 ||    67

Table legend:
 A = Spawn XP
 B = Non-spawn XP
 C = Spawn XP percentage of total XP
 D = Spawn monster count
 E = Non-spawn monster count
 F = Spawn count percentage of total count
 G = Total turns spent on level
                    A         B        C        D         E        F      G
               +---------+---------+-------+---------+---------+-------+---------
         Total |       0 |      95 |   0.0 |       0 |      42 |   0.0 |  1182
               +---------+---------+-------+---------+---------+-------+---------
           D:1 |       0 |      53 |   0.0 |       0 |      31 |   0.0 |   785
           D:2 |       0 |      42 |   0.0 |       0 |      11 |   0.0 |   397
               +---------+---------+-------+---------+---------+-------+---------
